cohdb
Replays
Latest Replays
All Replays
Popular Replays
Top Player Replays
Match Explorer
How It Works
Community
CoH3 Stats
Reddit
Sign in to upload your games and track your stats! →
Sign in with Steam
Match 43580407
Unlisted
Match 43580407
Overview
Messages
Build Orders
End
Kradschützen Motorcycle Team
Panzerpioneer Squad
Selects Armored Support Battlegroup
Panzerpioneer Squad
Construct Light Support Kompanie
MG34 Team
Assault Grenadier Squad
Selects Superior Fire Drills
Fire Support Elements
Flakvierling Half-track
Panzerjäger Mechanized Group
Vehicle Survival Package
2.5-tonne Medical Truck
Veteran Squad Leaders
Pak 38 Anti-tank Gun Team
Construct Panzerarmee Kommand
Selects Salvage Kits
Selects Panzer Storm
Walking Stuka Rocket Launcher
Assault Mechanized Group
Selects Stuka Dive Bomb
Panzer III L Medium Tank
xizi20
她说人多以为有我
JEFG
Seocheon
0
0
Comments
sign in to comment!
No comments posted yet!